 Dungeon Crawl Stone Soup version 0.30-a0-900-g23479c02f2 (webtiles) character file.

Game seed: 7928429290699980782

294 Iniera the Chopper (level 6, 0/32 HPs)
             Began as a Vine Stalker Fighter on Mar 19, 2023.
             Slain by Blork the orc
             ... wielding a +0 dire flail
              (4 damage)
             ... on level 4 of the Dungeon.
             The game lasted 00:04:42 (2285 turns).

Iniera the Chopper (Vine Stalker Fighter)           Turns: 2285, Time: 00:04:43

Health: 0/32       AC: 11    Str: 21    XL:     6   Next: 33%
Magic:  0/7        EV:  5    Int:  8    God:
Gold:   49         SH:  4    Dex: 13    Spells: 5/5 levels left

rFire   . . .      SeeInvis .    a - +0 war axe
rCold   . . .      Faith    .    c - +0 buckler
rNeg    . . .      Spirit   +    n - +0 plate armour
rPois   .          Reflect  .    (no helmet)
rElec   .          Rampage  .    (no cloak)
rCorr   .                        (no gloves)
Will    .....                    (no boots) Stlth
                                 (no amulet)
HPRegen 1.05/turn                (no ring)
MPRegen 0.10/turn                (no ring)

@: no status effects
A: fangs 2, regeneration 1, magic shield, antimagic bite, no potion heal 2
a: no special abilities


You were on level 4 of the Dungeon.
You visited 1 branch of the dungeon, and saw 4 of its levels.

You collected 159 gold pieces.
You spent 110 gold pieces at shops.

Inventory:

Hand Weapons
 a - a +0 war axe (weapon)
Armour
 c - a +0 buckler (worn)
 n - a +0 plate armour (worn)
Scrolls
 b - a scroll of identify {unknown}
 f - 2 scrolls of fog
 k - a scroll of teleportation
 o - a scroll of brand weapon {unknown}
Potions
 d - a potion of might
 e - 4 potions of curing
 g - a potion of lignification {unknown}
 h - 3 potions of flight {unknown}
 i - 2 potions of attraction {unknown}
 j - a potion of degeneration {unknown}
 l - 3 potions of heal wounds {unknown}
 m - a potion of cancellation


   Skills:
 - Level 2.6 Fighting
 * Level 5.9 Axes
 - Level 2.4 Armour
 - Level 2.6 Shields


You had 5 spell levels left.
You didn't know any spells.
Your spell library contained the following spells:

 Spells                   Type           Power      Damage    Failure   Level
 Shock                    Conj/Air       0%         1d3       100%        1
 Swiftness                Air            0%         N/A       100%        3
 Airstrike                Air            0%         2d(0-16)  100%        4


Dungeon Overview and Level Annotations

Branches:
Dungeon (4/15)
 Temple: D:4-7

Altars:
Fedhas
Okawaru
Sif Muna
Vehumet

Shops:
D:3 !

Annotations:
D:4 Blork the orc


Innate Abilities, Weirdness & Mutations

You have extremely sharp teeth.
Your natural rate of healing is unusually fast.
When hurt, damage is shared between your health and your magic reserves.
Your bite disrupts and absorbs the magic of your enemies.
Potions cannot restore your health.


Message History

The worm is moderately wounded.
You slash the worm!
The worm is severely wounded.
You block the worm's attack.
You slash the worm!
You kill the worm!
No target in view!
No target in view!
No target in view!
There is an escape hatch in the floor here.
You open the door.
There is an open door here.
Blork the orc comes into view.
He is wielding a +0 dire flail and wearing a +2 robe of resistance.
Blork the orc is nearby!
Found a stone staircase leading up.
Blork the orc hits you with a +0 dire flail.
You hit Blork the orc but do no damage.
Blork the orc hits you with a +0 dire flail!
You hit Blork the orc. Your bite misses Blork the orc.
Blork the orc is lightly wounded.
Blork the orc hits you with a +0 dire flail.
You slash Blork the orc!
Blork the orc is moderately wounded.
Blork the orc casts a spell.
Blork the orc seems to speed up.
Blork the orc hits you with a +0 dire flail!
Okay, then.
You slash Blork the orc!
Blork the orc is severely wounded.
Blork the orc casts a spell at you. The magic dart hits you!
Blork the orc casts a spell at you. The puff of frost hits you!
* * * LOW HITPOINT WARNING * * *
You barely miss Blork the orc. You bite Blork the orc.
Blork the orc's magic leaks into the air.
You drain his magic.
You feel invigorated.
Blork the orc is severely wounded.
Blork the orc hits you with a +0 dire flail.
You die...

############
##....#.....## ####
#...........<# #..##
#.....@o.....# #...#
#............# #...#
#.....##.^..## #..##
#.....##############'##
##....+................
##....#........>.......
#.....##.....##........
#.....##.....##..##.###
##....'......##..##.###


You could see Blork the orc (fast, magic disrupted).

Vanquished Creatures
  Natasha (thrice) (D:2)
  An orc wizard (D:4)
  Robin (D:2)
  3 gnolls (D:3)
  6 adders
  2 worms
  A dart slug (D:2)
  6 orcs
  10 bats
  4 endoplasms
  15 goblins
  7 hobgoblins
  8 jackals (D:2)
  4 kobolds
  4 quokkas
  3 ball pythons
  4 frilled lizards
  7 rats
89 creatures vanquished.

Vanquished Creatures (others)
  4 plants (D:3)
4 creatures vanquished.

Grand Total: 93 creatures vanquished

Notes
Turn   | Place    | Note
-------+----------+-------------------------------------------
     0 | D:1      | Iniera the Vine Stalker Fighter began the quest for the
                  | Orb.
     0 | D:1      | Reached XP level 1. HP: 11/11 MP: 2/2
    47 | D:1      | Reached skill level 2 in Axes
    98 | D:1      | Reached XP level 2. HP: 12/16 MP: 3/3
   352 | D:1      | Reached skill level 3 in Axes
   516 | D:1      | Reached XP level 3. HP: 19/19 MP: 4/4
   949 | D:2      | Found an iron altar of Okawaru.
  1114 | D:2      | Gained mutation: Your natural rate of healing is unusually
                  | fast. [Vine Stalker growth]
  1114 | D:2      | Reached XP level 4. HP: 23/23 MP: 5/5
  1142 | D:2      | Reached skill level 4 in Axes
  1180 | D:2      | Found a faded altar of an unknown god.
  1181 | D:2      | Noticed Robin
  1203 | D:2      | Killed Robin
  1306 | D:2      | Noticed Natasha
  1311 | D:2      | Killed Natasha
  1312 | D:2      | Reached XP level 5. HP: 27/27 MP: 6/6
  1329 | D:2      | Noticed Natasha
  1334 | D:2      | Killed Natasha
  1335 | D:2      | Reached skill level 5 in Axes
  1470 | D:2      | Noticed Natasha
  1474 | D:2      | Killed Natasha
  1739 | D:3      | Found a blossoming altar of Fedhas.
  1791 | D:3      | Found a shimmering blue altar of Sif Muna.
  1858 | D:3      | Reached XP level 6. HP: 20/32 MP: 3/7
  1923 | D:3      | Found a radiant altar of Vehumet.
  2015 | D:3      | Found Beshuy's Distillery.
  2023 | D:3      | Bought a potion of cancellation for 80 gold pieces
  2023 | D:3      | Bought a potion of curing for 30 gold pieces
  2277 | D:4      | Noticed Blork the orc
  2285 | D:4      | Slain by Blork the orc

Illustrated notes

Levels and vault maps discovered:
D:1:      lightli_arrival_quake, layout_loops_ring
D:2:      layout_loops_corners, basic_altar, dreamdust_ecumenical_altar_statues,
          uniq_robin, uniq_natasha
D:3:      layout_basic, mainiacjoe_overflow_paths, mainiacjoe_overflow_chevrons,
          nicolae_vehumet_radiance, serial_shops, nicolae_shop_crystal,
          nicolae_grassy_gnolls
D:4:      layout_gridville, grunt_temple_overflow_order_and_chaos_1,
          serial_shops, shop, uniq_crazy_yiuf_cottage, uniq_blork_the_orc

Skill      XL: |  1  2  3  4  5 |
---------------+----------------+-----
Axes           | 2 3 4 5 |  5.9
Fighting       | |  2.6
Armour         | |  2.4
Shields        | |  2.6

Action                     |  1- 3 |  4- 6 || total
---------------------------+-------+-------++-------
  Melee: War axe           |    83 |   107 ||   190
         Bite              |    21 |    22 ||    43
    Use: Scroll            |     2 |     5 ||     7
 Armour: Scale mail        |    44 |    23 ||    67
         Plate armour      |       |    17 ||    17
  Dodge: Dodged            |    55 |    43 ||    98
  Block: Buckler           |    24 |    21 ||    45

Table legend: (Time is in decaauts)
 A = Elapsed time spent in this place.
 B = Non-inter-level travel time spent in this place.
 C = Inter-level travel time spent in this place.
 D = Time resting spent in this place.
 E = Time spent auto-exploring this place.
 F = Levels seen in this place.
 G = Mean time per level.
                   A        B        C        D        E       F      G
               +--------+--------+--------+--------+--------+-----+--------+
         Total |   2349 |   2298 |     51 |      2 |   1758 |   4 |  587.2 |
       Dungeon |   2349 |   2298 |     51 |      2 |   1758 |   4 |  587.2 |
               +--------+--------+--------+--------+--------+-----+--------+

Top non-repeatable levels by time:
     D:2: 1011 daAuts
     D:1: 765 daAuts
     D:3: 378 daAuts
     D:4: 194 daAuts
